 Dungeon Crawl Stone Soup version 0.31-a0-559-g03b8d61ab2 (webtiles) character file.

Game seed: 436018954933087751

353 Ethylacetat the Insei (level 6, 0/42 HPs)
             Began as an Octopode Gladiator on Aug 17, 2023.
             Succumbed to an orc's poison
             ... while paralysed by Grinder
             ... on level 3 of the Dungeon.
             The game lasted 00:02:15 (2085 turns).

Ethylacetat the Insei (Octopode Gladiator)          Turns: 2085, Time: 00:02:16

Health: 0/42       AC:  1    Str: 13    XL:     6   Next: 62%
Magic:  6/6        EV:  2    Int: 10    God:
Gold:   177        SH:  0    Dex: 16    Spells: 5/5 levels left

rFire   . .          .
                       - Unarmed
rCold   . . .        (no shield)
rNeg    . . .        a - +0 hat
rPois   .            (no amulet)
rElec   .            (no ring)
rCorr   .            (no ring)
SInv    .            (no ring)
Will    .....        (no ring)
Stlth   ++           (no ring)
HPRegen 0.27/turn    (no ring)
MPRegen 0.10/turn    (no ring)
                     (no ring)

%: no passive effects
@: paralysed, lethally poisoned (0 -> -9)
A: almost no armour, amphibious, 8 rings, camouflage 1, gelatinous body 1,
(nimble swimmer 1), tentacles
a: no special abilities


You were on level 3 of the Dungeon.
You visited 1 branch of the dungeon, and saw 3 of its levels.

You collected 177 gold pieces.

Inventory:

Missiles
 b - 3 throwing nets (quivered)
 c - a javelin
 e - 6 silver javelins
Armour
 a - a +0 hat (worn)
Scrolls
 f - a scroll of revelation {unknown}
 g - a scroll of teleportation {unknown}
 h - a scroll of fog {unknown}
 k - a scroll of noise {unknown}
 l - a scroll of identify {unknown}
 m - a scroll of brand weapon {unknown}
Potions
 d - 3 potions of heal wounds {unknown}
 i - a potion of attraction {unknown}
 j - a potion of curing {unknown}


   Skills:
 + Level 3.5 Fighting
 - Level 2.0 Throwing
 + Level 4.1 Dodging
 + Level 4.3 Unarmed Combat
 * Level 3.0 Shapeshifting


You had 5 spell levels left.
You didn't know any spells.
Your spell library contained the following spells:

 Spells                   Type           Power      Damage    Failure   Level
 Summon Small Mammal      Summ           0%         N/A       36%         1
 Call Canine Familiar     Summ           0%         N/A       75%         3
 Summon Guardian Golem    Hex/Summ       0%         N/A       75%         3


Dungeon Overview and Level Annotations

Branches:
Dungeon (3/15)

Altars:
Kikubaaqudgha

Annotations:
D:3 Grinder


Innate Abilities, Weirdness & Mutations

You cannot wear most types of armour.
You are amphibious.
You can wear up to eight rings at the same time.
Your skin changes colour to match your surroundings (Stealth+).
Your rubbery body absorbs attacks. (AC +1, EV +1)
((You are camouflaged when in or above water. (Stealth+)))
You have tentacles for arms and can constrict up to eight enemies at once.


Message History

A worm is nearby!
A worm is nearby!
The worm closely misses you.
A worm is nearby!
You tentacle-slap the worm. You grab the worm. You tentacle-slap the worm.
You squeeze the worm.
You kill the worm! 2 orcs come into view.
An orc is wielding a +2 dagger of venom.
The orc shouts!
You hear a shout! x3
An orc comes into view. It is wielding a +0 dagger.
Grinder and an orc priest come into view.
The orc priest is wielding a +2 hand axe of venom.
Found 11 gold pieces.
The orc shouts!
The orc completely misses you.
Grinder says, "Make like a tree!"
There are monsters nearby!
You tentacle-slap the orc. You grab the orc.
The orc is heavily wounded.
You constrict the orc, but do no damage.
An orc comes into view. It is wielding a +0 club.
The orc hits you with a +0 short sword.
A ball python comes into view.
There are monsters nearby!
You tentacle-slap the orc.
You kill the orc!
Grinder hits you!
You writhe in agony.
You tentacle-slap Grinder. Your grab misses Grinder.
Grinder is lightly wounded.
Grinder gestures at you.
You suddenly lose the ability to move!
The orc hits you with a +2 dagger of venom.
You are poisoned.
You feel very sick. Grinder hits you!
You writhe in agony.
* * * LOW HITPOINT WARNING * * *
The orc hits you with a +2 dagger of venom.
* * * LOW HITPOINT WARNING * * *
You die...

#..# ###
#... #..#
#.# #..## .#
#...# .#
#.#.# #.#.#
#.#.# #
#.#.##o##...
#.#.@ooo....
#.##5#.#....
#. S## # #
.. ##. .. .#
$..


You could see Grinder, an orc priest, 3 orcs and a ball python.

Vanquished Creatures
  Sigmund (D:2)
  A kobold brigand (D:3)
  2 adders (D:2)
  4 gnolls (D:2)
  4 worms
  3 dart slugs (D:1)
  An orc (D:3)
  5 ball pythons
  5 bats
  4 endoplasms
  2 giant cockroaches
  6 goblins
  4 hobgoblins
  2 quokkas
  2 frilled lizards
  4 kobolds
  3 rats
53 creatures vanquished.

Notes
Turn   | Place    | Note
-------+----------+-------------------------------------------
     0 | D:1      | Ethylacetat the Octopode Gladiator began the quest for the
                  | Orb.
     0 | D:1      | Reached XP level 1. HP: 14/14 MP: 1/1
   269 | D:1      | Reached XP level 2. HP: 10/19 MP: 2/2
   733 | D:1      | Reached XP level 3. HP: 25/25 MP: 3/3
  1037 | D:2      | Noticed Sigmund
  1044 | D:2      | Killed Sigmund
  1045 | D:2      | Reached XP level 4. HP: 23/31 MP: 4/4
  1045 | D:2      | Reached XP level 5. HP: 27/36 MP: 5/5
  1325 | D:2      | Found an ancient bone altar of Kikubaaqudgha.
  1792 | D:2      | Reached XP level 6. HP: 38/42 MP: 6/6
  2080 | D:3      | Noticed Grinder
  2083 | D:3      | Paralysed by Grinder for 2 turns
  2085 | D:3      | Succumbed to an orc's poison

Illustrated notes

Levels and vault maps discovered:
D:1:      dpeg_arrival_round_a, layout_basic, minmay_crystal_water,
          minmay_misc_feat_rugged
D:2:      minmay_inner_zag, layout_loops_cross, basic_altar, uniq_sigmund
D:3:      layout_loops_ring, cheibrodos_ashenzari_chains, serial_glass,
          glass_columns_a, glass_columns_b, glass_columns_b, glass_columns_a,
          chequers_ecumenical_altar_island, minmay_quantized, uniq_grinder

Skill      XL: |  1  2  3  4  5  6 |
---------------+-------------------+-----
Fighting       | 3 |  3.5
Shapeshifting  | 2 3 |  3.0
Unarmed Combat | 4 |  4.3
Dodging        | 4 |  4.1
Throwing       | |  2.0

Action                     |  1- 3 |  4- 6 || total
---------------------------+-------+-------++-------
  Melee: Unarmed           |    43 |    78 ||   121
         Constrict         |    14 |    23 ||    37
         Tentacles         |    14 |    16 ||    30
         Punch             |       |     5 ||     5
   Stab: Sleeping          |     7 |     6 ||    13
 Armour: Skin              |     6 |     3 ||     9
  Dodge: Dodged            |    29 |    40 ||    69

Table legend: (Time is in decaauts)
 A = Elapsed time spent in this place.
 B = Non-inter-level travel time spent in this place.
 C = Inter-level travel time spent in this place.
 D = Time resting spent in this place.
 E = Time spent auto-exploring this place.
 F = Levels seen in this place.
 G = Mean time per level.
                   A        B        C        D        E       F      G
               +--------+--------+--------+--------+--------+-----+--------+
         Total |   2076 |   2048 |     28 |      0 |   1703 |   3 |  692.0 |
       Dungeon |   2076 |   2048 |     28 |      0 |   1703 |   3 |  692.0 |
               +--------+--------+--------+--------+--------+-----+--------+

Top non-repeatable levels by time:
     D:2: 1032 daAuts
     D:1: 991 daAuts
     D:3: 52 daAuts
